 Dungeon Crawl Stone Soup version 0.26.0-10-g1f06aea511 (webtiles) character file.

Game seed: 15778208838039233124

2619 jmlagarto the Reanimator (level 9, -20/69 HPs)
             Began as a Deep Dwarf Necromancer on Jan 15, 2021.
             Was a Believer of Sif Muna.
             Demolished by a skeletal warrior
             ... wielding a +0 long sword
             ... led by a skeletal warrior
              (21 damage)
             ... on level 8 of the Dungeon on Jan 16, 2021.
             The game lasted 00:40:00 (7915 turns).

jmlagarto the Reanimator (Deep Dwarf Necromancer)   Turns: 7915, Time: 00:40:01

Health: -20/69     AC: 11    Str: 13    XL:     9   Next: 34%
Magic:  8/13       EV: 15    Int: 21    God:    Sif Muna [**....]
Gold:   460        SH:  0    Dex: 13    Spells: 9/18 levels left

rFire    . . .     SeeInvis +   w - +5 hand axe "Munyxag" {vorpal, Int+3}
rCold    + + +     Faith    .   (no shield)
rNeg     . . .     Spirit   .   A - +4 skin of Zhor {Englaciate rC+++ SInv}
rPois    .         Reflect  .   (no helmet)
rElec    .         Harm     .   n - +2 cloak
rCorr    .         Rampage  .   I - +1 pair of gloves
Will     +....                  (no boots)
Stlth    +++.......             (no amulet)
HPRegen  0.00/turn              c - ring of flight
MPRegen  0.13/turn              F - ring of protection from cold

@: very slightly contaminated, non-regenerating, invisible
A: damage resistance, heal wounds, sense surroundings 2, no regeneration
a: Heal Wounds, Renounce Religion, Evoke Flight, Channel Magic


You were on level 8 of the Dungeon.
You worshipped Sif Muna.
Sif Muna was pleased with you.
You visited 1 branch of the dungeon, and saw 9 of its levels.

You collected 460 gold pieces.

Inventory:

Hand Weapons
 w - the +5 hand axe "Munyxag" (weapon) {vorpal, Int+3}
   (You took it off an orc on level 4 of the Dungeon)

   It inflicts extra damage upon your enemies.
   It affects your intelligence (+3).
Missiles
 f - 8 bolts
 s - 15 poisoned darts (quivered)
 u - 6 boomerangs
 J - 8 javelins
Armour
 n - a +2 cloak (worn)
 A - the +4 skin of Zhor (worn) {Englaciate rC+++ SInv}
   (You took it off an orc priest on level 4 of the Dungeon)

   It renders you almost immune to cold.
   It lets you see invisible.
 I - a +1 pair of gloves (worn)
Jewellery
 c - a ring of flight (left hand)
 h - a cursed -4 ring of dexterity {unknown}
 x - an uncursed ring of willpower
 F - a ring of protection from cold (right hand)
Wands
 o - a wand of random effects (5)
 E - a wand of paralysis (4)
Scrolls
 e - 2 scrolls of fear
 i - 3 scrolls of amnesia
 j - a scroll of magic mapping
 l - a scroll of holy word {unknown}
 m - 6 scrolls of teleportation
 r - 4 scrolls of remove curse
 B - 2 scrolls of enchant weapon {unknown}
 C - a scroll of fog {unknown}
 D - a scroll of blinking {unknown}
 H - a scroll of silence {unknown}
Potions
 a - a potion of berserk rage {unknown}
 b - a potion of attraction {unknown}
 d - 3 potions of lignification
 g - 3 potions of mutation {unknown}
 k - 3 potions of resistance {unknown}
 p - 2 potions of flight {unknown}
 q - a potion of invisibility
 t - a potion of haste {unknown}
 v - 2 potions of ambrosia {unknown}
 z - a potion of degeneration {unknown}
 G - 2 potions of brilliance {unknown}


   Skills:
 - Level 0.5 Fighting
 - Level 1.1 Short Blades
 + Level 5.0 Axes
 - Level 3.2 Throwing
 + Level 6.0 Dodging
 + Level 6.7 Stealth
 + Level 5.0 Spellcasting
 + Level 8.2 Necromancy


You had 9 spell levels left.
You knew the following spells:

 Your Spells              Type           Power        Failure   Level
a - Pain                  Necr           100%         1%          1
b - Animate Skeleton      Necr           78%          1%          1
c - Vampiric Draining     Necr           19%          1%          3
d - Animate Dead          Necr           19%          3%          4

Your spell library contained the following spells:

 Spells                   Type           Power        Failure   Level
 Beastly Appendage        Tmut           10%          11%         1
 Shock                    Conj/Air       20%          11%         1
 Agony                    Necr           39%          11%         5
 Swiftness                Air            5%           16%         2
 Wereblood                Tmut           5%           16%         2
 Confusing Touch          Hex            5%           32%         3
 Gell's Gravitas          Tloc           2%           32%         3
 Spider Form              Tmut/Pois      2%           32%         3
 Static Discharge         Conj/Air       5%           32%         3
 Airstrike                Air            2%           71%         4
 Ice Form                 Ice/Tmut       5%           71%         4
 Petrify                  Tmut/Erth      5%           71%         4
 Blade Hands              Tmut           2%           96%         5
 Lightning Bolt           Conj/Air       2%           96%         5
 Metabolic Englaciation   Hex/Ice        2%           96%         5
 Yara's Violent Unravell  Hex/Tmut       2%           96%         5


Dungeon Overview and Level Annotations

Branches:
Dungeon (9/15)             Temple (0/1) D:5            Lair (0/6) D:8
    Orc: D:9-12

Altars:
Fedhas
Hepliaklqana
Nemelex Xobeh
Ru
Sif Muna
Uskayaw

Shops:
D:6 ?   D:7 (


Innate Abilities, Weirdness & Mutations

You are resistant to damage.
You can heal yourself by infusing magical energy.
You passively map the area around you.
You do not regenerate.


Message History

Evoke which item? (* to show all) (? for menu, Esc to quit)
Aiming: Paralyse
Press: ? - help, Shift-Dir - straight line, f - skeletal warrior
Aim: a skeletal warrior, wielding a +0 short sword (chance to affect: 1%)
The skeletal warrior resists with almost no effort.
The skeletal warrior barely misses you.
You fade into invisibility!
The skeletal warrior hits you with a +0 short sword.
* * * LOW HITPOINT WARNING * * *
You are very lightly contaminated with residual magic.
A kobold comes into view.
You see here a scroll labelled ZALUCI WASIER.
You radiate an aura of cold.
The skeletal warrior is unaffected.
The skeletal warrior closely misses you.
There is a stone staircase leading up, spattered with blood here.
You can't go down here!
You radiate an aura of cold.
The skeletal warrior is unaffected.
You climb upwards.
The skeletal warrior hits you with a +0 long sword!!
You die...

** * * , ,,, ,
,.........#..
#.......... ,
#.........#
#.........# *
*###.#.#.#.#.# ,
............# ## ,
##.......#.##.) *
#?....@........ ,*
*##.....z.#.#...* *
#?...(....##.# * ≈
,* ##....[..###.# ,
* * #....z.....#?#
≈
*,..#.#(#.#.#.#.###
,,
....().####.(...##
....(##*##...((..##
, ...(# #.........#


You could see 2 skeletal warriors.

Vanquished Creatures
  A hornet zombie (D:8)
  2 orc warriors
  An ice beast (D:6)
  A sky beast (D:6)
  2 phantoms
  4 ogres
  2 centaurs
  2 bullfrogs
  9 wights (D:6)
  2 jellies
  A hound (D:5)
  6 orc priests
  A bullfrog skeleton (D:4)
  2 centaur skeletons
  A gnoll shaman (D:5)
  An iguana (D:5)
  5 orc wizards
  4 worker ants
  A hound zombie (D:5)
  2 hound skeletons
  10 gnolls
  2 adders
  3 white imps
  An ufetubus (D:8)
  2 worms
  2 dart slugs
  3 leopard geckos
  35 orcs
  2 giant cockroaches (D:3)
  8 goblins
  5 hobgoblins
  4 jackals (D:4)
  7 kobolds
  3 quokkas
  2 ball pythons
  A bat (D:3)
  2 frilled lizards
  A leopard gecko skeleton (D:5)
  2 quokka zombies (D:5)
  8 rats
153 creatures vanquished.

Vanquished Creatures (collateral kills)
  2 orc wizards
  A hound skeleton (D:4)
  An adder (D:3)
  An orc (D:3)
  A hobgoblin (D:3)
6 creatures vanquished.

Grand Total: 159 creatures vanquished

Notes
Turn   | Place    | Note
-------+----------+-------------------------------------------
     0 | D:1      | jmlagarto the Deep Dwarf Necromancer began the quest for
                  | the Orb.
     0 | D:1      | Reached XP level 1. HP: 15/15 MP: 3/3
   259 | D:1      | Reached XP level 2. HP: 22/22 MP: 4/4
   615 | D:2      | Reached skill level 5 in Necromancy
   617 | D:2      | Learned a level 1 spell: Animate Skeleton
   752 | D:2      | Reached XP level 3. HP: 28/28 MP: 4/6
   957 | D:2      | Found a hide-covered altar of Uskayaw.
  1222 | D:2      | Found a blossoming altar of Fedhas.
  1534 | D:3      | Reached skill level 1 in Throwing
  1844 | D:3      | Reached XP level 4. HP: 28/36 MP: 7/7
  2446 | D:3      | Found a shimmering blue altar of Sif Muna.
  2591 | D:3      | Became a worshipper of Sif Muna the Loreminder
  2688 | D:3      | Learned a level 3 spell: Vampiric Draining
  2978 | D:4      | Noticed a phantom
  3044 | D:3      | Reached XP level 5. HP: 42/42 MP: 2/7
  3146 | D:4      | Killed a phantom
  3147 | D:4      | Reached skill level 6 in Necromancy
  3173 | D:4      | Reached XP level 6. HP: 27/49 MP: 7/9
  3429 | D:4      | Reached skill level 1 in Short Blades
  3609 | D:4      | Reached * piety under Sif Muna
  3630 | D:4      | Identified the +5 hand axe "Munyxag" {vorpal, Int+3}
  3810 | D:4      | Reached XP level 7. HP: 52/56 MP: 1/10
  3815 | D:4      | Reached skill level 1 in Axes
  4354 | D:5      | Entered Level 5 of the Dungeon
  4728 | D:5      | Found a hazy altar of Hepliaklqana.
  4802 | D:5      | Found a staircase to the Ecumenical Temple.
  5158 | D:6      | Reached ** piety under Sif Muna
  5164 | D:6      | Learned a level 4 spell: Animate Dead
  5258 | D:6      | Reached skill level 7 in Necromancy
  5258 | D:6      | Reached XP level 8. HP: 59/63 MP: 5/11
  5713 | D:6      | Reached skill level 5 in Stealth
  6021 | D:6      | Reached skill level 5 in Dodging
  6104 | D:6      | Found a sacrificial altar of Ru.
  6260 | D:6      | Found Weum's Magic Scroll Shop.
  6796 | D:7      | Gained mutation: You passively map the area around you.
                  | [Deep Dwarf growth]
  6796 | D:7      | Reached XP level 9. HP: 67/69 MP: 13/13
  7314 | D:7      | Found Dekifovu's Antique Weapon Shop.
  7359 | D:7      | Reached skill level 8 in Necromancy
  7479 | D:7      | Found a sacrificial altar of Ru.
  7581 | D:7      | Found a sparkling altar of Nemelex Xobeh.
  7877 | D:8      | Reached skill level 5 in Axes
  7877 | D:8      | Reached skill level 5 in Spellcasting
  7886 | D:8      | Noticed a skeletal warrior
  7891 | D:8      | Noticed a skeletal warrior
  7899 | D:8      | Noticed a skeletal warrior
  7903 | D:8      | HP: 1/69 [skeletal warrior/+0 glaive (11)]
  7908 | D:9      | HP: 1/69 [skeletal warrior/+0 short sword[a skeletal
                  | warrior] (2)]
  7915 | D:8      | Demolished by a skeletal warrior

Illustrated notes

Levels and vault maps discovered:
D:1:      dpeg_arrival_tiny_c, layout_rooms
D:2:      wander_river, layout_basic, lemuel_coloured_pillars_altar,
          eat_drink_and_be_merry_uskayaw, grunt_decor_cap
D:3:      layout_basic, marbit_many_paths, kennysheep_decorative_pillar
D:4:      layout_cave_pools, minmay_puff
D:5:      layout_cave_pools, lemuel_crystal_altar, temple_doors_e
D:6:      layout_layer_cave, basic_altar, serial_shops, shop
D:7:      layout_basic, nicolae_ru_awakened_eye, serial_shops,
          nicolae_shop_waterfront, nrook_mini_vaults,
          nemelex_xobeh_ov_fountains_minmay
D:8:      layout_rooms, lemuel_crystal_altar, erik_lair_island, serial_shops,
          shop, special_room [special_room_orc], mrwooster_statue_mirror,
          st_stairs_4, nicolae_wwwww, okawaru_altar_gauntlet_db
D:9:      layout_stronghold

Skill      XL: |  1  2  3  4  5  6  7  8  9 |
---------------+----------------------------+-----
Spellcasting   | 2 3 4 5 |  5.0
Necromancy     | 5 6 7 8 |  8.2
Throwing       | 1 2 3 |  3.2
Short Blades   | 1 |  1.1
Dodging        | 3 4 5 6 |  6.0
Stealth        | 3 4 6 |  6.7
Axes           | 2 4 5 |  5.0
Fighting       | |  0.5

Action                   |  1- 3 |  4- 6 |  7- 9 || total
-------------------------+-------+-------+-------++-------
Melee: Dagger            |    15 |    99 |       ||   114
       Unarmed           |     1 |       |       ||     1
       Hand axe          |       |     5 |   176 ||   181
Throw: Dart              |    43 |    53 |   184 ||   280
       Boomerang         |       |    64 |       ||    64
 Cast: Pain              |    34 |    46 |    52 ||   132
       Animate Skeleton  |     5 |     7 |     4 ||    16
       Vampiric Draining |       |     7 |     9 ||    16
       Animate Dead      |       |       |     7 ||     7
 Abil: Heal Wounds       |       |     5 |     9 ||    14
Evoke: Wand              |       |     2 |    15 ||    17
  Use: Scroll            |       |       |    15 ||    15
       Potion            |       |       |     1 ||     1
 Stab: Distracted        |       |       |     1 ||     1
       Sleeping          |       |       |     1 ||     1
Armor: Robe              |     8 |    34 |     3 ||    45
       Animal skin       |       |       |    49 ||    49
Dodge: Dodged            |    23 |    91 |   163 ||   277
